 Dungeon Crawl Stone Soup version 0.31-a0-507-gbafd7f5274 (webtiles) character file.

Game seed: 434790442913119425

278 lunkers the Ruffian (level 6, -11/42 HPs)
             Began as a Meteoran Shapeshifter on Aug 9, 2023.
             Was an Initiate of Ru.
             Killed by divine providence
             ... invoked by an orc priest
              (12 damage)
             ... on level 4 of the Dungeon.
             The game lasted 00:03:28 (1172 turns).

lunkers the Ruffian (Meteoran Shapeshifter)         Turns: 1172, Time: 00:03:28

Health: -11/42     AC: 15    Str: 12    XL:     6   Next: 81%
Magic:  7/7        EV: 11    Int: 17    God:    Ru [......]
Gold:   106        SH:  0    Dex: 22    Spells: 5/5 levels left

rFire   . .          .
                       - Unarmed
rCold   . . .        (shield currently unavailable)
rNeg    . . .        u - +7 ring mail of Gajupt {Rampage Str-5 Int+7}
rPois   .            t - +2 hat
rElec   .            h - +0 cloak
rCorr   .            (no gloves)
SInv    .            (no boots)
Will    .....        (no amulet)
Stlth   +            r - +6 ring of dexterity
HPRegen 0.27/turn    (no ring)
MPRegen 0.10/turn

%: rampage
@: flux-form, glowing
A: glow, contaminating, reduced hp, sense surroundings 1, otherworldly, glowing,
explore regen
a: Begin Untransformation, Renounce Religion


You were on level 4 of the Dungeon.
You worshipped Ru.
Ru was noncommittal.
You were something dangerously unstable.
You visited 1 branch of the dungeon, and saw 4 of its levels.

You collected 106 gold pieces.

Inventory:

Missiles
 l - a throwing net
Armour
 h - a +0 cloak (worn)
 t - a +2 hat (worn)
 u - the +7 ring mail of Gajupt (worn) {Rampage Str-5 Int+7}
   (You found it on level 3 of the Dungeon)

   Str-5:     It affects your strength (-5).
   Int+7:     It affects your intelligence (+7).
   Rampage:   It bestows one free step when moving towards enemies.
 v - the +3 leather armour "Iqyuser" {rElec rC+ Dex-4}
   (You found it on level 3 of the Dungeon)

   Dex-4:     It affects your dexterity (-4).
   rC+:       It protects you from cold.
   rElec:     It insulates you from electricity.
Jewellery
 r - a +6 ring of dexterity (left hand)
Talismans
 c - a beast talisman
 d - a flux talisman (active)
 e - a dragon-blood talisman
Scrolls
 g - a scroll of fear {unknown}
 j - 4 scrolls of teleportation {unknown}
 m - 2 scrolls of identify {unknown}
 p - a scroll of acquirement {unknown}
 q - a scroll of enchant weapon {unknown}
 s - a scroll of enchant armour {unknown}
 w - a scroll of summoning {unknown}
Potions
 b - a potion of lignification
 f - 2 potions of curing {unknown}
 i - a potion of attraction {unknown}
 n - a potion of might {unknown}


   Skills:
 - Level 1.1 Fighting
 - Level 2.1 Dodging
 * Level 7.0 Unarmed Combat
 + Level 5.0 Shapeshifting


You had 5 spell levels left.
You didn't know any spells.
Your spell library contained the following spells:

 Spells                   Type           Power      Damage    Failure   Level
 Call Canine Familiar     Summ           0%         N/A       85%         3
 Frozen Ramparts          Ice            0%         1d1       85%         3
 Portal Projectile        Hex/Tloc       0%         N/A       85%         3
 Leda's Liquefaction      Hex/Erth       0%         N/A       99%         4
 Petrify                  Tmut/Erth      0%         N/A       99%         4
 Metabolic Englaciation   Hex/Ice        0%         N/A       100%        5


Dungeon Overview and Level Annotations

Branches:
Dungeon (4/15) Zot: 1241
 Temple: D:4-7

Altars:
Qazlal
Ru


Innate Abilities, Weirdness & Mutations

You are something dangerously unstable.
You glow with magical radiation, making you easy to see and hit.
Foes you strike become dangerously contaminated with magical radiation.
Your maximum health is decreased, since you lack skill for your form.
You are incapable of wielding weapons or throwing items.
You passively map a small area around you.
You are easily found by Zot.
You glow in the dark.
You regain HP and MP as you explore.


Message History

You hit the hound.
The hound glows dangerously bright.
The hound is heavily wounded.
The hound closely misses you.
The orc wizard gestures at you while chanting.
The puff of flame hits you!
The orc priest hits you but does no damage.
You barely miss the hound.
The hound is heavily wounded.
The hound bites you but does no damage. The hound barely misses you.
You barely miss the hound.
The hound is heavily wounded.
The orc wizard gestures at you while chanting.
You easily resist.
The orc priest hits you but does no damage.
The hound bites you but does no damage.
You closely miss the hound.
The hound is heavily wounded.
The hound pauses to sniff the ground.
The hound bites you but does no damage. The orc wizard barely misses you.
The orc priest hits you with a +0 falchion.
An orc priest comes into view. It is wielding a +0 short sword.
The orc priest shouts!
You hit the orc priest.
The orc priest begins to glow.
The orc priest is moderately wounded.
The hound bites you but does no damage. The orc wizard barely misses you.
The orc priest invokes the aid of Beogh against you.
Pain shoots through your body!
* * * LOW HITPOINT WARNING * * *
The hound bites you but does no damage.
You hit the orc priest.
The orc priest glows dangerously bright.
The orc priest is severely wounded.
The hound closely misses you.
The orc wizard hits you but does no damage.
The orc priest mumbles some strange prayers to Beogh against you.
Beogh smites you!
* * * LOW HITPOINT WARNING * * *
The orc priest invokes the aid of Beogh against you.
Beogh smites you!
You die...

.# #..# * .########..#
###. * ..........##
#.... ..........# #....#
* ..........## .....#
...........## #.....#
.......##...#####.....#
.....######...#.oo...$##
......# ##....Bho.o..#
.......# #.....###...#
.......# ##...## #
.......#* .....#* ,
....... ......... , *
... ,......^.... ..
########### , **


You could see a hound (heavy contam, misshapen), 3 orc priests and an orc
wizard.

Vanquished Creatures
  A scorpion (D:4)
  A hound (D:4)
  A jelly (D:4)
  Natasha (twice) (D:2)
  2 sleepcaps (D:3)
  An adder (D:2)
  An ufetubus (D:4)
  2 worms
  A dart slug (D:3)
  6 endoplasms
  A giant cockroach (D:3)
  3 goblins
  10 hobgoblins
  2 kobolds (D:1)
  3 ball pythons
  3 frilled lizards
  5 rats
45 creatures vanquished.

Notes
Turn   | Place    | Note
-------+----------+-------------------------------------------
     0 | D:1      | lunkers the Meteoran Shapeshifter began the quest for the
                  | Orb.
     0 | D:1      | Reached XP level 1. HP: 16/16 MP: 2/2
    26 | D:1      | Reached skill level 4 in Unarmed Combat
    26 | D:1      | Reached XP level 2. HP: 13/23 MP: 3/3
   141 | D:1      | Reached XP level 3. HP: 23/28 MP: 4/4
   238 | D:2      | Noticed Natasha
   238 | D:2      | Found the +5 Lochaber axe {reach-cleave, Poleaxe Drain}
   245 | D:2      | Killed Natasha
   246 | D:2      | Reached skill level 5 in Unarmed Combat
   246 | D:2      | Reached XP level 4. HP: 25/35 MP: 5/5
   353 | D:2      | Noticed Natasha
   362 | D:2      | Killed Natasha
   363 | D:2      | Reached XP level 5. HP: 19/40 MP: 6/6
   392 | D:2      | You fall into a shaft and drop 2 floors!
   440 | D:4      | Reached skill level 6 in Unarmed Combat
   440 | D:4      | Reached XP level 6. HP: 40/47 MP: 7/7
   608 | D:3      | Reached skill level 5 in Shapeshifting
   612 | D:3      | Identified the +7 ring mail of Gajupt {Rampage Str-5 Int+7}
   681 | D:3      | Found a sacrificial altar of Ru.
   681 | D:3      | Found a stormy altar of Qazlal.
   791 | D:3      | Became a worshipper of Ru the Awakened
   875 | D:3      | Identified the +3 leather armour "Iqyuser" {rElec rC+
                  | Dex-4}
   982 | D:4      | Reached skill level 7 in Unarmed Combat
  1172 | D:4      | HP: 1/42 [orc priest/divine providence (12)]
  1172 | D:4      | Killed from afar by an orc priest

Illustrated notes

Levels and vault maps discovered:
D:1:      minmay_arrival_up_and_down, layout_rooms
D:2:      layout_basic, minmay_3d_cube, uniq_natasha, uniq_terence
D:3:      layout_loops_ring, nicolae_overflow_two_pavilions, hellmonk_no_cap,
          uniq_crazy_yiuf_cottage
D:4:      layout_layer_cave

Skill      XL: |  1  2  3  4  5  6 |
---------------+-------------------+-----
Unarmed Combat | 4 5 6 7 |  7.0
Shapeshifting  | 4 5 |  5.0
Fighting       | |  1.1
Dodging        | |  2.1

Action                     |  1- 3 |  4- 6 || total
---------------------------+-------+-------++-------
  Melee: Unarmed           |    36 |    95 ||   131
         Punch             |       |     2 ||     2
 Armour: Animal skin       |     4 |       ||     4
         Leather armour    |       |     1 ||     1
         Ring mail         |       |    39 ||    39
  Dodge: Dodged            |    19 |    61 ||    80
   Form: Flux              |       |     1 ||     1

Table legend: (Time is in decaauts)
 A = Elapsed time spent in this place.
 B = Non-inter-level travel time spent in this place.
 C = Inter-level travel time spent in this place.
 D = Time resting spent in this place.
 E = Time spent auto-exploring this place.
 F = Levels seen in this place.
 G = Mean time per level.
                   A        B        C        D        E       F      G
               +--------+--------+--------+--------+--------+-----+--------+
         Total |   1158 |   1030 |    128 |      0 |    661 |   4 |  289.5 |
       Dungeon |   1158 |   1030 |    128 |      0 |    661 |   4 |  289.5 |
               +--------+--------+--------+--------+--------+-----+--------+

Top non-repeatable levels by time:
     D:3: 511 daAuts
     D:4: 260 daAuts
     D:1: 235 daAuts
     D:2: 150 daAuts
